 Dungeon Crawl Stone Soup version 0.17-a0-896-g249456b (webtiles) character file.

982 xeno23 the Skirmisher (level 8, -2/80 HPs)
             Began as an Ogre Wizard on May 1, 2015.
             Slain by an orc warrior
             ... wielding a +0 short sword
              (17 damage)
             ... on level 6 of the Dungeon.
             The game lasted 00:42:01 (6973 turns).

xeno23 the Skirmisher (Ogre Wizard)                 Turns: 6973, Time: 00:42:01

Health: -2/80      AC:  3    Str: 15    XL:     8   Next: 17%
Magic:  6/15       EV: 10    Int: 17    God:
Gold:   323        SH:  0    Dex:  8    Spells: 6 memorised, 4 levels left

rFire  . . .     SeeInvis .     y - +0 trident (pierce)
rCold  . . .     Clarity  .     v - +0 robe
rNeg   . . .     SustAb   .     (no shield)
rPois  .         Gourm    .     b - +0 hat
rElec  .         Spirit   .     (no cloak)
rCorr  .         Warding  .     (gloves unavailable)
rMut   .         Stasis   .     (boots unavailable)
MR     .....                    (no amulet)
Stlth  +.........               (no ring)
                                o - ring of flight

@: very slightly contaminated, not resistant to hostile enchantments, very
unstealthy
A: unfitting armour, tough skin 1
a: Evoke Flight


You were on level 6 of the Dungeon.
You were hungry.

You visited 2 branches of the dungeon, and saw 7 of its levels.

You collected 323 gold pieces.

Inventory:

Hand weapons
 k - a +1 dagger of freezing
 q - a +1 giant club
 u - a +0 dagger of draining
 y - a +0 trident of piercing (weapon)
 A - a +0 falchion of protection
Missiles
 B - 16 sling bullets
Armour
 b - a +0 hat (worn)
 v - a +0 robe (worn)
Jewellery
 o - a ring of flight (left hand)
Magical devices
 a - a wand of digging (23)
Scrolls
 j - a scroll of fog
 m - 2 scrolls of enchant weapon
 n - 2 scrolls of teleportation
 r - 3 scrolls of identify
 x - a scroll of immolation
Potions
 e - 3 potions of heal wounds
 g - 2 potions of might {unknown}
 h - 2 potions of resistance
 i - a potion of agility
 l - 2 potions of magic
 p - a potion of cancellation
 s - 3 potions of haste
 t - a potion of curing
Books
 c - a book of Minor Magic

   Spells                             Type                      Level
   a - Magic Dart                     Conjuration                  1
   b - Blink                          Translocation                2
   c - Call Imp                       Summoning                    2
   d - Repel Missiles                 Charms/Air                   2
   e - Slow                           Hexes                        2
   f - Conjure Flame                  Conjuration/Fire             3
   g - Mephitic Cloud                 Conjuration/Poison/Air       3
Comestibles
 d - 3 bread rations
 f - 3 meat rations
 w - a beef jerky


   Skills:
 + Level 5.1 Fighting
 * Level 4.7 Maces & Flails
 * Level 4.1 Dodging
 - Level 1.5 Stealth
 + Level 5.0 Spellcasting
 - Level 3.2 Conjurations
 - Level 0.6 Summonings
 - Level 0.6 Translocations
 * Level 1.3 Air Magic


You had 4 spell levels left.
You knew the following spells:

 Your Spells              Type           Power        Failure   Level  Hunger
a - Magic Dart            Conj           ###.         4%          1    None
b - Blink                 Tloc           N/A          21%         2    #......
c - Call Imp              Summ           #.......     21%         2    #......
d - Conjure Flame         Conj/Fire      #.......     24%         3    ###....
e - Mephitic Cloud        Conj/Pois/Air  #.......     24%         3    ###....
r - Repel Missiles        Chrm/Air       #.....       21%         2    #......


Dungeon Overview and Level Annotations

Branches:
Dungeon (6/15)             Temple (1/1) D:5

Altars:
Ashenzari
Dithmenos
Elyvilon
Makhleb
Nemelex Xobeh
Qazlal
Xom
Yredelemnul
Zin


Innate Abilities, Weirdness & Mutations

You are too large for most types of armour.
You have tough skin (AC +1).


Message History

The orc warrior is almost dead.
Your crimson imp hits the orc warrior but does no damage.
The orc warrior barely misses your crimson imp.
Your shadow imp hits the orc warrior but does no damage.
You hit the orc warrior but do no damage.
The orc warrior is almost dead.
Your crimson imp misses the orc warrior.
The orc warrior hits you with a short sword!
* * * LOW HITPOINT WARNING * * *
Your shadow imp hits the orc warrior but does no damage.
You take 10 damage.
You barely miss the orc warrior.
The orc warrior is almost dead.
Your crimson imp barely misses the orc warrior.
The orc warrior hits you with a short sword!
* * * LOW HITPOINT WARNING * * *
Your shadow imp misses the orc warrior.
Your crimson imp closely misses the orc warrior.
The orc warrior hits you with a short sword!
You die...

##..............#.###.###.......#
.#..............'..'....'.5.....#
.+..............#..#....#.(.....+
.#..............######'##..o....#
.##'###+#####.....###..#..)..#+##
....'...+...#.....'....#...†.+
....#...#...'.....#....'.....#
#..###..##..#.55..#....#.....# #
#..###..##..#..o@##'####....## ..
....+...#.>)#....#.....'....# ..
....#...'...+....'.....#....+ ..
##+####+###+#....#'###'#....# #.
#........................#+##+##.
#........................#.......
+........................+.......
#........................#.......
#........................#...###.


You could see an orc warrior, a friendly crimson imp and a friendly shadow imp.

Vanquished Creatures
  An ogre (D:4)
  A giant frog (D:6)
  A crimson imp (D:6)
  4 orc wizards
  3 giant frog skeletons
  A jelly (D:6)
  3 orc priests
  3 hounds
  Jessica (D:3)
  A worker ant (D:5)
  A hound zombie (D:6)
  10 adders
  2 shadow imps (D:6)
  An ooze (D:3)
  An adder skeleton (D:4)
  3 worms
  4 giant geckos
  14 orcs
  13 bats
  6 giant cockroaches
  17 goblins
  11 hobgoblins
  5 jackals
  4 quokkas
  A ball python skeleton (D:3)
  A giant cockroach zombie (D:3)
  A giant gecko zombie (D:5)
  5 giant newts
  10 kobolds
  A quokka zombie (D:3)
  9 rats
139 creatures vanquished.

Vanquished Creatures (collateral kills)
  A sky beast (D:5)
  A crimson imp (D:6)
  An orc priest (D:5)
  2 orc wizards
  2 worker ant zombies (D:3)
  An adder skeleton (D:3)
  A giant gecko (D:6)
  4 orcs
13 creatures vanquished.

Vanquished Creatures (others)
  2 crimson imps (D:6)
  An iron imp (D:4)
  2 shadow imps
  A white imp (D:5)
  A goblin (D:2)
7 creatures vanquished.

Grand Total: 159 creatures vanquished

Notes
Turn   | Place    | Note
--------------------------------------------------------------
     0 | D:1      | xeno23, the Ogre Wizard, began the quest for the Orb.
     0 | D:1      | Reached XP level 1. HP: 16/16 MP: 5/5
    12 | D:1      | Reached skill level 1 in Fighting
    31 | D:1      | Reached skill level 1 in Conjurations
    82 | D:1      | Reached XP level 2. HP: 12/27 MP: 3/6
   598 | D:1      | Reached skill level 1 in Maces & Flails
   775 | D:1      | Reached XP level 3. HP: 35/35 MP: 8/8
   857 | D:1      | Learned a level 2 spell: Blink
   860 | D:1      | Learned a level 2 spell: Call Imp
   863 | D:1      | Learned a level 2 spell: Repel Missiles
  1488 | D:3      | Noticed Jessica
  1584 | D:3      | Found a stormy altar of Qazlal.
  1597 | D:3      | Reached XP level 4. HP: 42/42 MP: 9/9
  1965 | D:3      | Killed Jessica
  1983 | D:3      | Reached XP level 5. HP: 37/53 MP: 10/10
  2624 | D:3      | Learned a level 3 spell: Conjure Flame
  2875 | D:4      | Found a glowing silver altar of Zin.
  2875 | D:4      | Noticed an angel
  2919 | D:4      | Noticed an ogre
  2946 | D:4      | Killed an ogre
  2946 | D:4      | Reached skill level 4 in Fighting
  2946 | D:4      | Reached XP level 6. HP: 62/62 MP: 0/11
  3698 | D:5      | Entered Level 5 of the Dungeon
  3757 | D:5      | Found a staircase to the Ecumenical Temple.
  3766 | Temple   | Entered the Ecumenical Temple
  4272 | D:5      | Reached XP level 7. HP: 25/71 MP: 8/13
  4850 | D:5      | Learned a level 3 spell: Mephitic Cloud
  5087 | D:6      | Found a sparkling altar of Nemelex Xobeh.
  5882 | D:6      | Reached skill level 5 in Fighting
  5882 | D:6      | Reached skill level 1 in Air Magic
  6023 | D:6      | Reached XP level 8. HP: 20/80 MP: 5/15
  6670 | D:6      | Reached skill level 5 in Spellcasting
  6973 | D:6      | Slain by an orc warrior

Action                   |  1- 3 |  4- 6 |  7- 9 || total
-------------------------+-------+-------+-------++-------
Melee: Unarmed           |    11 |       |       ||    11
       Club              |    39 |       |       ||    39
       Spear             |   112 |       |       ||   112
       Dagger            |     3 |    10 |    94 ||   107
       Trident           |       |   225 |   185 ||   410
       Falchion          |       |    22 |    42 ||    64
 Cast: Magic Dart        |    19 |    13 |    16 ||    48
       Repel Missiles    |     1 |       |       ||     1
       Call Imp          |       |     6 |    23 ||    29
       Conjure Flame     |       |     4 |     2 ||     6
       Mephitic Cloud    |       |       |     3 ||     3
       Blink             |       |       |     4 ||     4
  Use: Scroll            |       |       |    16 ||    16
 Stab: Sleeping          |     1 |     2 |       ||     3
       Confused          |       |       |     1 ||     1
  Eat: Chunk             |     2 |     8 |     9 ||    19
       Pizza             |       |     1 |       ||     1
       Beef jerky        |       |       |     1 ||     1
